Map: [ESL] Gresvan

Players

ShaDoWn

  • Race: Protoss Protoss
  • Spawn Location: 5:00

Spirit (souL) - Winner!

  • Race: Terran Terran
  • League: Master
  • Spawn Location: 11:00

Event: HomeStory Cup XXIII

VOD

Have the link to the VOD?

Description

Time

  • Played on: July 1, 2023, 11:22 a.m.
  • Length: 8:48

All games in this series

Show
View Real Time Build Order
Export as new Build Order

ShaDoWn Protoss 

Build Orders: 1 Gate Expand, Blink Stalkers 

Get SALT Encoding   

  12  0:00  Probe  
  13  0:12  Probe  
  14  0:17  Pylon  
  14  0:24  Probe (Chrono Boost)  
  15  0:35  Gateway  
  15  0:36  Probe (Chrono Boost)  
  16  0:45  Probe (Chrono Boost)  
  16  0:46  Assimilator  
  17  0:51  Probe  
  18  1:03  Probe  
  19  1:15  Probe  
  20  1:25  Nexus  
  20  1:37  Cybernetics Core  
  20  1:40  Probe  
  21  1:49  Assimilator  
  21  1:52  Probe  
  22  1:56  Pylon  
  22  2:05  Probe  
  23  2:12  Adept (Chrono Boost)  
  23  2:14  Warp Gate  
  24  2:17  Probe  
  25  2:24  Twilight Council  
  26  2:30  Probe (Chrono Boost)  
  26  2:34  Stalker  
  28  2:38  Probe (Chrono Boost)  
  30  2:46  Probe (Chrono Boost)  
  30  2:47  Probe (Chrono Boost)  
  31  2:52  Probe (Chrono Boost)  
  31  2:53  Probe  
  31  2:55  Blink (Chrono Boost)  
  33  3:04  Probe  
  33  3:05  Probe  
  35  3:10  Gateway  
  35  3:16  Probe  
  35  3:17  Probe  
  37  3:22  Robotics Facility  
  37  3:28  Probe  
  37  3:30  Gateway  
  37  3:32  Probe  
  39  3:40  Probe, Gateway  
  40  3:45  Probe (Chrono Boost)  
  39  3:52  Probe (Chrono Boost)  
  39  3:59  Pylon  
  39  4:02  Probe x2 (Chrono Boost)  
  41  4:04  Stalker  
  41  4:06  Stalker  
  41  4:08  Probe  
  46  4:14  Warp Prism (Chrono Boost)  
  46  4:17  Probe  
  49  4:26  Probe  
  49  4:29  Stalker  
  49  4:30  Pylon  
  52  4:32  Stalker  
  54  4:39  Probe x2, Pylon  
  54  4:42  Assimilator  
  54  4:56  Stalker x4  
  54  4:59  Probe  
  63  5:01  Pylon  
  63  5:14  Probe  
  63  5:19  Stalker x3  
  63  5:20  Stalker  
  72  5:23  Pylon  
  70  5:40  Probe  
  70  5:42  Probe  
  70  5:43  Stalker  
  70  5:44  Stalker x2  
  76  5:53  Probe  
  74  6:06  Probe  
  74  6:08  Stalker x4  
  74  6:10  Probe  
  82  6:18  Probe  
  82  6:23  Pylon  
  82  6:26  Probe  
  82  6:38  Stalker x2  
  86  6:43  Stalker  
  68  6:54  Probe  
  68  6:55  Probe  
  68  6:58  Nexus  
  66  7:06  Probe  
  66  7:07  Probe  
  64  7:14  Stalker x3  
  60  7:18  Probe  
  60  7:19  Probe  
  60  7:21  Stalker  
  62  7:30  Templar Archives  
  62  7:31  Probe x2 (Chrono Boost)  
  62  7:32  Gateway  
  62  7:33  Assimilator  
  64  7:41  Stalker  
  64  7:42  Probe x2 (Chrono Boost)  
  68  7:44  Stalker  
  68  7:47  Probe (Chrono Boost)  
  71  8:01  Stalker x2  
  73  8:10  Stalker x2  
  75  8:23  Pylon  
  75  8:25  Pylon  
  74  8:30  Stalker x3  
  78  8:36  Pylon  
Show
View Real Time Build Order
Export as new Build Order

Spirit Terran - Winner!

Build Orders: Reaper Expand 

Get SALT Encoding   

  12  0:00  SCV  
  13  0:12  SCV  
  14  0:17  Supply Depot  
  14  0:24  SCV  
  15  0:38  SCV  
  15  0:41  Barracks  
  16  0:45  Refinery  
  16  0:50  SCV  
  17  1:02  SCV  
  18  1:05  Engineering Bay  
  18  1:14  SCV  
  19  1:27  Orbital Command  
  19  1:28  Reaper  
  20  1:46  Command Center  
  20  1:53  SCV  
  21  1:57  Supply Depot  
  21  2:01  Marine  
  21  2:06  SCV  
  23  2:12  Factory  
  23  2:18  SCV  
  23  2:19  Marine  
  25  2:27  Bunker  
  25  2:30  SCV  
  25  2:32  Refinery  
  26  2:37  Barracks Reactor  
  26  2:43  SCV  
  27  2:55  SCV  
  27  2:56  Hellion  
  30  2:58  Starport  
  30  3:01  Orbital Command  
  30  3:07  SCV  
  31  3:13  Marine  
  31  3:14  Marine  
  31  3:17  Widow Mine  
  31  3:19  SCV  
  36  3:27  SCV  
  36  3:31  SCV  
  36  3:32  Marine x2  
  40  3:34  Medivac  
  40  3:39  Widow Mine, SCV  
  40  3:40  Supply Depot  
  45  3:43  SCV  
  46  3:50  Marine  
  46  3:51  SCV  
  46  3:55  Barracks, SCV  
  46  4:00  Barracks  
  46  4:02  Factory Tech Lab  
  46  4:03  SCV  
  46  4:05  Starport Tech Lab  
  46  4:07  SCV  
  48  4:10  Marine  
  48  4:11  Supply Depot  
  48  4:16  SCV, Engineering Bay  
  50  4:21  Siege Tank  
  53  4:26  Marine  
  54  4:32  Marine, SCV x2  
  54  4:33  Supply Depot  
  54  4:35  Raven  
  59  4:44  Marine, Missile Turret, SCV x2  
  62  4:53  Marine  
  62  4:55  Siege Tank  
  62  4:56  SCV  
  62  4:58  Bunker  
  64  5:00  Marine  
  64  5:01  Marine, Supply Depot  
  64  5:02  Marine  
  67  5:07  SCV  
  67  5:09  Refinery  
  67  5:16  SCV  
  67  5:17  Marine  
  67  5:19  Marine  
  70  5:22  Marine  
  70  5:23  SCV, Supply Depot  
  70  5:24  Stimpack  
  70  5:26  Marauder, Supply Depot  
  74  5:28  SCV  
  74  5:35  Marine  
  74  5:36  Siege Tank  
  74  5:37  Marine  
  74  5:41  Marine, SCV  
  78  5:46  Marine  
  79  5:50  SCV  
  79  5:53  Marine  
  79  5:55  SCV, Supply Depot  
  81  5:59  Marine  
  82  6:04  Marine  
  82  6:08  Barracks Tech Lab, Siege Tank  
  82  6:09  SCV  
  86  6:15  Marine, SCV  
  86  6:17  Starport Reactor  
  88  6:20  Barracks  
  88  6:21  Barracks  
  88  6:22  SCV  
  88  6:25  Supply Depot  
  89  6:26  Terran Infantry Weapons Level 1  
  89  6:30  Marine  
  89  6:31  Marauder, Refinery  
  91  6:36  Barracks  
  91  6:38  Marine, Marauder  
  94  6:41  SCV x2  
  80  6:48  Marine  
  80  6:51  Combat Shield  
  80  6:52  Marauder  
  80  6:53  SCV  
  66  6:56  Marine  
  66  6:57  SCV  
  66  7:03  Marine  
  66  7:05  SCV  
  60  7:16  Medivac  
  60  7:18  Marine  
  60  7:22  Marine  
  64  7:28  Marine  
  65  7:33  Marine  
  65  7:34  Marine  
  65  7:36  Marine, Medivac  
  70  7:40  Marine  
  71  7:46  Marine, Supply Depot  
  71  7:49  Medivac  
  71  7:51  Marine  
  74  7:52  Marine  
  74  7:54  Marine  
  76  7:58  Marine  
  76  8:04  Marine  
  76  8:08  Medivac  
  76  8:09  Marine  
  76  8:10  Marine  
  76  8:12  Marine  
  81  8:16  Marine  
  80  8:22  Marauder  
  84  8:27  Marauder, Marine  
  84  8:30  Marine  
  87  8:34  SCV x2  
Tags
 
Add a new tag
Caveats
  • Supply blocks, unpowered buildings, or Contaminate may cause inaccurate times.
  • Supply counts are checked every 10 seconds.